 Dungeon Crawl Stone Soup version 0.29-a0-911-g88e6f02907 (webtiles) character file.

Game seed: 15543238842139531281

98 leavemydog the Covered (level 4, -4/41 HPs)
             Began as a Minotaur Fighter on July 25, 2022.
             Killed by divine providence
             ... invoked by an orc priest
              (16 damage)
             ... on level 3 of the Dungeon.
             The game lasted 00:03:25 (1885 turns).

leavemydog the Covered (Minotaur Fighter)           Turns: 1885, Time: 00:03:25

Health: -4/41      AC:  3    Str: 21    XL:     4   Next: 44%
Magic:  3/3        EV: 10    Int: 11    God:
Gold:   198        SH:  4    Dex:  9    Spells: 3/3 levels left

rFire   . . .      SeeInvis +   h - +2 spear (venom)
rCold   + . .      Faith    .   c - +0 buckler
rNeg    . . .      Spirit   .   p - +1 robe of Tartarus {rC+ Int+4 SInv}
rPois   .          Reflect  .   (helmet restricted)
rElec   .          Harm     .   (no cloak)
rCorr   .          Rampage  .   (no gloves)
Will    .....                   (no boots)
Stlth   +.........              (no amulet)
HPRegen 0.13/turn               (no ring)
MPRegen 0.08/turn               (no ring)

@: no status effects
A: horns 2, retaliatory headbutt
a: no special abilities


You were on level 3 of the Dungeon.
You visited 1 branch of the dungeon, and saw 3 of its levels.

You collected 198 gold pieces.

Inventory:

Hand Weapons
 a - a +0 war axe
 h - a +2 spear of venom (weapon)
Missiles
 n - 4 datura-tipped darts (quivered)
Armour
 b - a +0 scale mail
 c - a +0 buckler (worn)
 p - the +1 robe of Tartarus (worn) {rC+ Int+4 SInv}
   (You found it on level 2 of the Dungeon)

   Int:       It affects your intelligence (+4).
   rC:        It protects you from cold.
   SInv:      It lets you see invisible.
Scrolls
 g - 2 scrolls of noise {unknown}
 k - a scroll of magic mapping {unknown}
 l - a scroll of vulnerability {unknown}
 q - a scroll of identify {unknown}
Potions
 d - a potion of might
 e - 2 potions of invisibility {unknown}
 f - a potion of attraction {unknown}
 i - a potion of lignification {unknown}
 j - a potion of curing
 m - a potion of heal wounds {unknown}
 o - a potion of magic {unknown}


   Skills:
 + Level 4.3 Fighting
 - Level 2.6(3.2) Axes
 * Level 2.6(3.2) Polearms
 + Level 4.4 Armour
 + Level 4.2 Shields


You had 3 spell levels left.
You didn't know any spells.
Your spell library contained the following spells:

 Spells                   Type           Power      Damage    Failure   Level
 Ensorcelled Hibernation  Hex/Ice        0%         N/A       56%         2
 Spider Form              Tmut/Pois      0%         N/A       80%         3
 Anguish                  Hex/Necr       0%         N/A       99%         4


Dungeon Overview and Level Annotations

Branches:
Dungeon (3/15)

Altars:

Annotations:
D:3 3 runed translucent doors, Vorhees's ghost, amateur GnWn


Innate Abilities, Weirdness & Mutations

You have a pair of horns on your head.
You reflexively headbutt those who attack you in melee.


Message History

The orc priest shouts!
There is an open door here.
You hit the rat but do no damage.
The rat is poisoned.
Your headbutt misses the rat. You block the rat's attack.
You barely miss the rat.
The rat is heavily wounded.
You kill the rat!
The orc barely misses you. x2
You barely miss the orc.
The orc priest calls down the wrath of Beogh upon you.
Beogh smites you! The orc hits you with a +0 hand axe!
The orc barely misses you.
You are too injured to fight recklessly!
You are too injured to fight recklessly!
You are too injured to fight recklessly!
You are too injured to fight recklessly!
You swing at nothing.
You block the orc's attack. The orc hits you with a +0 hand axe.
You hit the orc priest.
You headbutt the orc priest, but do no damage.
The orc priest is lightly wounded.
The orc priest hits you with a +0 hand axe.
* * * LOW HITPOINT WARNING * * *
The orc hits you with a +0 hand axe.
* * * LOW HITPOINT WARNING * * *
The orc closely misses you.
It was a potion of curing.
You feel better.
The orc priest hits you with a +0 hand axe.
The orc hits you with a +0 hand axe.
* * * LOW HITPOINT WARNING * * *
The orc hits you with a +0 hand axe.
* * * LOW HITPOINT WARNING * * *
There is an open door here.
The orc attacks as you move away! The orc hits you but does no damage.
You feel better. The orc attacks as you move away! The orc misses you.
The orc priest misses you.
The orc priest calls down the wrath of Beogh upon you.
Beogh smites you!
You die...

##.#...## # #.....†)#.# # .
#..##.#.#.# .# .#
#.........# #'## .####
#†###.#.### #...## ....# #.#
#.#.## #.)...# .##.# #.#
#.#..## ##.......
..#.###)###.#...####........
................@.o'o†......
.>#.#######.......o#........
.##.#### #..#.###.##.......
.†.....# #....# #)# #.....#
###.##.# ##.#.# #.# #(..##
#......# #.... [.# #'##
#.#.##.# # #.# ### .#
#.#.##.# #. # #.#.##.#


You could see an orc priest and 2 orcs.

Vanquished Creatures
  4 adders (D:2)
  A worm (D:2)
  7 bats
  7 endoplasms
  A giant cockroach (D:3)
  4 hobgoblins
  5 kobolds
  9 quokkas
  7 ball pythons
  A frilled lizard (D:1)
  4 goblins
  7 rats
57 creatures vanquished.

Notes
Turn   | Place    | Note
-------+----------+-------------------------------------------
     0 | D:1      | leavemydog the Minotaur Fighter began the quest for the
                  | Orb.
     0 | D:1      | Reached XP level 1. HP: 19/19 MP: 0/0
   108 | D:1      | Reached XP level 2. HP: 25/27 MP: 1/1
   365 | D:1      | Reached skill level 1 in Polearms
   527 | D:1      | Reached XP level 3. HP: 33/33 MP: 2/2
  1163 | D:2      | Identified the +1 robe of Tartarus {rC+ Int+4 SInv}
  1233 | D:2      | Reached XP level 4. HP: 33/40 MP: 3/3
  1336 | D:2      | Found a faded altar of an unknown god.
  1725 | D:3      | Found a runed translucent gate.
  1726 | D:3      | Found a runed translucent gate.
  1726 | D:3      | Noticed Vorhees's ghost (amateur GnWn)
  1727 | D:3      | Found a runed translucent gate.
  1885 | D:3      | Killed from afar by an orc priest

Illustrated notes

Levels and vault maps discovered:
D:1:      dpeg_arrival_arbitrary_a, layout_basic, minmay_tetromino_o4
D:2:      layout_loops_cross, hellmonk_ecumenical_altar_heavens_door,
          minivault_4, minivault_26
D:3:      layout_loops_corners, gammafunk_ghost_split, kennysheep_generic_room_3

Skill      XL: |  1  2  3 |
---------------+----------+-----
Fighting       | 4 |  4.3
Shields        | 4 |  4.2
Armour         | 4 |  4.4
Polearms       | 1 2 |  2.6
Axes           | |  2.6

Action                   |  1- 3 |  4- 6 || total
-------------------------+-------+-------++-------
Melee: War axe           |    16 |       ||    16
       Headbutt          |     7 |     3 ||    10
       Spear             |    80 |    31 ||   111
  Use: Potion            |       |     2 ||     2
 Stab: Sleeping          |       |     2 ||     2
Armor: Scale mail        |    28 |       ||    28
       Robe              |       |     1 ||     1
Dodge: Dodged            |    25 |    16 ||    41
Block: Buckler           |    14 |     5 ||    19

Table legend: (Time is in decaauts)
 A = Elapsed time spent in this place.
 B = Non-inter-level travel time spent in this place.
 C = Inter-level travel time spent in this place.
 D = Time resting spent in this place.
 E = Time spent auto-exploring this place.
 F = Levels seen in this place.
 G = Mean time per level.
                   A        B        C        D        E       F      G
               +--------+--------+--------+--------+--------+-----+--------+
         Total |   1892 |   1825 |     67 |      0 |   1447 |   3 |  630.7 |
       Dungeon |   1892 |   1825 |     67 |      0 |   1447 |   3 |  630.7 |
               +--------+--------+--------+--------+--------+-----+--------+

Top non-repeatable levels by time:
     D:1: 888 daAuts
     D:2: 842 daAuts
     D:3: 161 daAuts
